 Dungeon Crawl Stone Soup version 0.29-a0-275-g389c0b56f3 (webtiles) character file.

Game seed: 16200128345243691349

7628 sammy202020 the Protected (level 10, -2/94 HPs)
             Began as a Minotaur Fighter on Mar 13, 2022.
             Was an Elder of Okawaru.
             Slain by a two-headed ogre
             ... wielding a +0 dire flail
              (4 damage)
             ... on level 9 of the Dungeon.
             The game lasted 00:23:11 (10277 turns).

sammy202020 the Protected (Minotaur Fighter)       Turns: 10277, Time: 00:23:12

Health: -2/94      AC: 16    Str: 18    XL:     10   Next: 98%
Magic:  9/9        EV:  9    Int:  9    God:    Okawaru [****..]
Gold:   405        SH:  6    Dex:  9    Spells: 9/9 levels left

rFire   . . .      SeeInvis +   k - +6 hand axe of Zoats {vorpal, rN+ Dex-2 SInv}
rCold   . . .      Faith    +   c - +0 buckler
rNeg    + . .      Spirit   .   e - +0 chain mail
rPois   +          Reflect  .   (helmet restricted)
rElec   .          Harm     .   r - +0 cloak {rPois}
rCorr   .          Rampage  .   t - +2 pair of gloves
Will    .....                   (no boots)
Stlth   ..........              E - amulet of faith
HPRegen 0.25/turn               h - ring of poison resistance
MPRegen 0.11/turn               (no ring)

@: studying Shields
A: horns 2, retaliatory headbutt, weak 1
a: Renounce Religion, Heroism, Finesse


You were on level 9 of the Dungeon.
You worshipped Okawaru.
Okawaru was greatly pleased with you.
You visited 2 branches of the dungeon, and saw 10 of its levels.
You also visited: Sewer.

You collected 405 gold pieces.

Inventory:

Hand Weapons
 a - a +1 war axe of flaming
 k - the +6 hand axe of Zoats (weapon) {vorpal, rN+ Dex-2 SInv}
   (You found it on level 5 of the Dungeon)

   It inflicts extra damage upon your enemies.
   Dex:       It affects your dexterity (-2).
   rN:        It protects you from negative energy.
   SInv:      It lets you see invisible.
Missiles
 g - 5 silver javelins
 j - 31 poisoned darts (quivered)
 H - 3 throwing nets
Armour
 c - a +0 buckler (worn)
 e - a +0 chain mail (worn)
 r - a +0 cloak of poison resistance (worn)
 t - a +2 pair of gloves (worn)
 u - a +0 helmet
Jewellery
 b - an amulet of the acrobat
 h - a ring of poison resistance (left hand)
 B - a ring of magical power
 E - an amulet of faith (around neck)
Wands
 w - a wand of flame (25)
 z - a wand of iceblast (11)
 A - a wand of digging (5)
 C - a wand of acid (3)
Scrolls
 d - 2 scrolls of enchant armour
 f - 4 scrolls of teleportation
 s - a scroll of fear
 D - 2 scrolls of fog
 F - 4 scrolls of identify
 G - a scroll of enchant weapon
 I - a scroll of summoning {unknown}
Potions
 i - 3 potions of haste
 l - 2 potions of degeneration
 m - a potion of resistance
 p - 3 potions of attraction
 q - 2 potions of lignification {unknown}
 v - a potion of berserk rage {unknown}
 x - 2 potions of brilliance {unknown}


   Skills:
 * Level 10.3 Fighting
 * Level 9.9 Axes
 * Level 10.3 Armour
 + Level 6.1 Dodging
 + Level 10.3 Shields


You had 9 spell levels left.
You didn't know any spells.
Your spell library contained the following spells:

 Spells                   Type           Power      Damage    Failure   Level
 Freeze                   Ice            0%         1d3       99%         1
 Corpse Rot               Necr/Air       0%         N/A       99%         2
 Poisonous Vapours        Pois/Air       0%         N/A       99%         2
 Dazzling Flash           Conj/Hex       0%         N/A       100%        3
 Frozen Ramparts          Ice            0%         1d2       100%        3
 Gell's Gravitas          Tloc           0%         N/A       100%        3
 Lesser Beckoning         Tloc           0%         N/A       100%        3
 Teleport Other           Tloc           0%         N/A       100%        3
 Hailstorm                Conj/Ice       0%         3d3       100%        4
 Iskenderun's Mystic Bla  Conj/Tloc      0%         2d3       100%        4
 Starburst                Conj/Fire      0%         6d3       100%        6


Dungeon Overview and Level Annotations

Branches:
Dungeon (9/15)             Temple (1/1) D:7           Sewer (visited)
   Lair: D:8-11         Orc: D:9-12

Altars:
Cheibriados
Dithmenos
Elyvilon
Fedhas
Gozag
Hepliaklqana
Kikubaaqudgha
Nemelex Xobeh
Okawaru
Qazlal
Sif Muna
Trog
Uskayaw
Wu Jian
Xom
Yredelemnul
Zin
The Shining One

Shops:
D:2 ?

Annotations:
D:8 2 runed translucent doors, exclusion: orange crystal statue


Innate Abilities, Weirdness & Mutations

You have a pair of horns on your head.
You reflexively headbutt those who attack you in melee.
You are weak. (Str -2)


Message History

The orc is severely wounded.
You block the orc's attack.
You hit the orc.
You kill the orc!
You slash the howler monkey!
You kill the howler monkey!
Okawaru accepts your kill.
You slash the howler monkey!
The howler monkey is severely wounded.
The howler monkey hits you but does no damage.
You hit the howler monkey.
You kill the howler monkey!
Okawaru accepts your kill.
Items here: $ )))) [[[ †††.
You barely miss the two-headed ogre.
You headbutt the two-headed ogre, but do no damage.
The two-headed ogre hits you but does no damage.
The two-headed ogre hits you with a +0 giant club.
* * * LOW HITPOINT WARNING * * *
You closely miss the two-headed ogre.
The two-headed ogre hits you with a +0 dire flail!
* * * LOW HITPOINT WARNING * * *
The two-headed ogre hits you with a +0 giant club!
* * * LOW HITPOINT WARNING * * *
A howler monkey comes into view.
You feel much better.
The howler monkey howls!
You hit the two-headed ogre.
The two-headed ogre is lightly wounded.
The two-headed ogre hits you with a +0 dire flail!
* * * LOW HITPOINT WARNING * * *
The two-headed ogre hits you with a +0 giant club!
* * * LOW HITPOINT WARNING * * *
You feel better.
You slash the two-headed ogre!
The two-headed ogre is moderately wounded.
The two-headed ogre hits you with a +0 dire flail!
* * * LOW HITPOINT WARNING * * *
The two-headed ogre hits you with a +0 giant club.
You die...

#
#........>#########.
#
#...................
#
#.##########.#######
# #.# #.# # #.# #.#
. .. #.# # # #.# #†#
########@######
........O.......
................
................
.<..........h...
................
...........<....
....[...........
.........######


You could see a two-headed ogre and a howler monkey.

Vanquished Creatures
  Harold (D:9)
  Erica (D:9)
  A skeletal warrior (D:8)
  The ghost of bande the Covered, a novice GrFi of Okawaru (D:6)
  Maggie (D:6)
  A troll (D:8)
  3 yaks (D:9)
  A fire bat (D:6)
  2 steam dragons (D:7)
  2 acid dragons (D:9)
  3 water moccasins
  6 black bears
  5 orc warriors
  A sky beast (D:8)
  2 ogres (D:5)
  2 centaurs
  3 kobold brigands
  2 phantoms
  3 necrophages
  2 gnoll sergeants (D:8)
  A bullfrog (D:7)
  2 scorpions
  A wight (D:5)
  A killer bee (D:8)
  5 howler monkeys (D:9)
  An electric eel (D:7)
  5 hounds
  A gnoll shaman (D:6)
  5 orc priests
  5 iguanas (D:5)
  A hell rat (Sewer)
  6 orc wizards
  The ghost of sokol815 the Sneak, a weakling OpDe (D:5)
  12 gnolls
  13 adders
  4 river rats
  5 white imps
  5 worms
  2 dart slugs
  26 orcs
  2 ball pythons (D:3)
  3 bats
  7 endoplasms
  A giant cockroach (D:2)
  5 goblins (D:3)
  5 hobgoblins
  A jackal (D:5)
  2 quokkas
  A frilled lizard (D:2)
  6 kobolds
  8 rats
186 creatures vanquished.

Vanquished Creatures (others)
  A shadow imp (D:7)
1 creature vanquished.

Grand Total: 187 creatures vanquished

Notes
Turn   | Place    | Note
-------+----------+-------------------------------------------
     0 | D:1      | sammy202020 the Minotaur Fighter began the quest for the
                  | Orb.
     0 | D:1      | Reached XP level 1. HP: 19/19 MP: 0/0
    58 | D:1      | You fall into a shaft and drop 1 floor!
   665 | D:2      | Found Ytyox's Magic Scroll Emporium.
   870 | D:3      | Reached XP level 2. HP: 24/27 MP: 1/1
   954 | D:3      | Reached XP level 3. HP: 33/33 MP: 2/2
  1162 | D:3      | Noticed a necrophage
  1180 | D:3      | Killed a necrophage
  1181 | D:3      | Reached skill level 1 in Dodging
  1181 | D:3      | Reached XP level 4. HP: 15/41 MP: 3/3
  2257 | D:4      | Noticed a scorpion
  2266 | D:4      | Killed a scorpion
  2267 | D:4      | Reached XP level 5. HP: 39/47 MP: 4/4
  2580 | D:4      | Noticed a black bear
  2585 | D:4      | Killed a black bear
  2586 | D:4      | Reached skill level 5 in Armour
  2586 | D:4      | Reached skill level 5 in Shields
  2643 | D:4      | Reached XP level 6. HP: 55/55 MP: 5/5
  2727 | D:4      | Reached skill level 5 in Fighting
  3004 | D:5      | Entered Level 5 of the Dungeon
  3015 | D:5      | Noticed sokol815's ghost (weakling OpDe)
  3047 | D:5      | Found a runed translucent gate.
  3050 | D:5      | Found a runed translucent gate.
  3051 | D:5      | Found a runed translucent gate.
  3156 | D:5      | Gained mutation: You are weak. (Str -2) [potion of
                  | mutation]
  3159 | D:5      | Lost mutation: You are weak. (Str -2) [potion of mutation]
  3159 | D:5      | Gained mutation: Your magical capacity is low. (-10% MP)
                  | [potion of mutation]
  3740 | D:5      | Identified the +6 hand axe of Zoats {vorpal, rN+ Dex-2
                  | SInv}
  3753 | D:5      | Reached XP level 7. HP: 61/61 MP: 5/5
  3768 | D:5      | Reached skill level 5 in Axes
  4187 | D:5      | Reached XP level 8. HP: 71/71 MP: 6/6
  4593 | D:5      | Killed sokol815's ghost
  4840 | D:6      | Found a transporter.
  4936 | D:6      | Noticed a two-headed ogre
  4997 | D:6      | Found a runed translucent gate.
  4997 | D:6      | Found a runed translucent gate.
  4997 | D:6      | Found a runed translucent gate.
  4997 | D:6      | Noticed bande's ghost (novice GrFi)
  5281 | D:6      | Found a transporter.
  5361 | D:6      | Found a glowing drain.
  5370 | Sewer    | Entered a sewer
  5384 | Sewer    | Reached XP level 9. HP: 76/79 MP: 7/7
  5452 | Sewer    | Lost mutation: Your magical capacity is low. (-10% MP)
                  | [potion of mutation]
  5452 | Sewer    | Gained mutation: You are clumsy. (Dex -2) [potion of
                  | mutation]
  5452 | Sewer    | Gained mutation: You occasionally shout uncontrollably at
                  | your foes. [potion of mutation]
  5452 | Sewer    | Gained mutation: Armour fits poorly on your strangely
                  | shaped body. [potion of mutation]
  5453 | Sewer    | Lost mutation: You occasionally shout uncontrollably at
                  | your foes. [potion of mutation]
  5453 | Sewer    | Lost mutation: Armour fits poorly on your strangely shaped
                  | body. [potion of mutation]
  5453 | Sewer    | Lost mutation: You are clumsy. (Dex -2) [potion of
                  | mutation]
  5453 | Sewer    | Gained mutation: Armour fits poorly on your strangely
                  | shaped body. [potion of mutation]
  5453 | Sewer    | Gained mutation: You have a somewhat thin skeletal
                  | structure. (Dex +2, Stealth+) [potion of mutation]
  5675 | D:6      | Noticed Maggie
  5681 | D:6      | Paralysed by Maggie for 6 turns
  5692 | D:6      | Killed Maggie
  6011 | D:6      | Killed bande's ghost
  6352 | D:6      | Lost mutation: Armour fits poorly on your strangely shaped
                  | body. [potion of mutation]
  6352 | D:6      | Lost mutation: You have a somewhat thin skeletal structure.
                  | (Dex +2, Stealth+) [potion of mutation]
  6352 | D:6      | Gained mutation: You are weak. (Str -2) [potion of
                  | mutation]
  6934 | D:7      | Found a staircase to the Ecumenical Temple.
  7166 | Temple   | Entered the Ecumenical Temple
  7324 | Temple   | Became a worshipper of Warmaster Okawaru
  7558 | D:7      | Reached skill level 5 in Dodging
  8082 | D:8      | Reached XP level 10. HP: 66/90 MP: 9/9
  8350 | D:8      | Reached * piety under Okawaru
  8669 | D:8      | Noticed a skeletal warrior
  8708 | D:8      | Killed a skeletal warrior
  9412 | D:8      | Found the +10 tower shield of Ignorance {rN+ Int-4}
  9418 | D:8      | Found a runed translucent door.
  9419 | D:8      | Noticed an orange crystal statue
  9430 | D:8      | Found a runed translucent door.
  9654 | D:9      | Noticed Harold
  9670 | D:9      | Killed Harold
  9670 | D:9      | Reached ** piety under Okawaru
 10175 | D:9      | Identified a scroll of acquirement
 10175 | D:9      | Acquired a manual of Shields
 10234 | D:9      | Reached *** piety under Okawaru
 10235 | D:9      | Reached skill level 10 in Fighting
 10235 | D:9      | Reached skill level 10 in Shields
 10239 | D:9      | Reached skill level 10 in Armour
 10247 | D:9      | Noticed Erica
 10258 | D:9      | Killed Erica
 10265 | D:9      | Reached **** piety under Okawaru
 10265 | D:9      | Noticed a two-headed ogre
 10277 | D:9      | HP: 2/94 [two-headed ogre/+0 dire flail (10)]
 10277 | D:9      | Slain by a two-headed ogre

Illustrated notes

Levels and vault maps discovered:
D:1:      onia_arrival_mini_maze_b, layout_basic,
          shapermc_ecumenical_altar_ellora, minmay_fountain_box,
          minmay_octomino_c4
D:2:      wander_river, layout_loops_corners, serial_shops,
          nicolae_shop_statue_plus
D:3:      kennysheep_six_static_rooms, layout_loops_ring, kennysheep_cross_room,
          kennysheep_donut, dreamdust_mushroom_princess, minmay_pentomino_pile
D:4:      layout_loops_corners, minmay_misc_feat_doors, minmay_statues_item
D:5:      minmay_octagon_keep, layout_gridville, gammafunk_ghost_split
D:6:      gammafunk_cloud_chamber, layout_basic, gammafunk_ghost_split,
          lightli_sewer_entry_pipes, lightli_corner_chamber, uniq_maggie
D:7:      layout_basic, temple_green, kennysheep_decorative_pillar,
          minmay_misc_feat_square, chequers_serial_rivers_small_b,
          chequers_serial_rivers_large_b, hex_intersection,
          kennysheep_small_square
D:8:      kennysheep_blocky_room, layout_loops_ring,
          chequers_guarded_unrand_ignorance
D:9:      layout_small_grid, orc_0_dummy, uniq_harold, uniq_erica
Temple:   mainiacjoe_temple_archimedes_tessellation

Skill      XL: |  1  2  3  4  5  6  7  8  9 10 |
---------------+-------------------------------+-----
Fighting       | 4 5 6 7 8 10 | 10.3
Armour         | 4 5 6 7 8 10 | 10.3
Shields        | 4 5 6 7 9 10 | 10.3
Axes           | 3 4 5 7 8 9 |  9.9
Dodging        | 1 2 3 4 5 6 |  6.1

Action                   |  1- 3 |  4- 6 |  7- 9 | 10-12 || total
-------------------------+-------+-------+-------+-------++-------
Melee: War axe           |    44 |    88 |       |       ||   132
       Headbutt          |     6 |    13 |    44 |    44 ||   107
       Hand axe          |       |       |   244 |   176 ||   420
Invok: Heroism           |       |       |       |     1 ||     1
  Use: Potion            |     1 |     3 |     7 |     3 ||    14
       Scroll            |       |    13 |     6 |     3 ||    22
Armor: Scale mail        |    23 |    40 |       |       ||    63
       Chain mail        |       |     4 |   154 |    71 ||   229
Dodge: Dodged            |    16 |    44 |   175 |    50 ||   285
Block: Buckler           |     9 |    24 |    73 |    43 ||   149

Table legend: (Time is in decaauts)
 A = Elapsed time spent in this place.
 B = Non-inter-level travel time spent in this place.
 C = Inter-level travel time spent in this place.
 D = Time resting spent in this place.
 E = Time spent auto-exploring this place.
 F = Levels seen in this place.
 G = Mean time per level.
                   A        B        C        D        E       F      G
               +--------+--------+--------+--------+--------+-----+--------+
         Total |  10374 |  10198 |    176 |    516 |   7726 |  11 |  943.1 |
       Dungeon |  10070 |   9894 |    176 |    516 |   7549 |   9 | 1118.9 |
        Temple |    208 |    208 |      0 |      0 |    140 |   1 |  208.0 |
         Sewer |     95 |     95 |      0 |      0 |     37 |   1 |   95.0 |
               +--------+--------+--------+--------+--------+-----+--------+

Top non-repeatable levels by time:
     D:5: 1841 daAuts
     D:6: 1774 daAuts
     D:8: 1572 daAuts
     D:3: 1244 daAuts
     D:7: 1225 daAuts
     D:4: 955 daAuts
     D:2: 790 daAuts
     D:9: 609 daAuts
  Temple: 208 daAuts
   Sewer: 95 daAuts
     D:1: 58 daAuts
